Map: Ulrena

Players

MapleStreet - Winner!

  • Race: Zerg Zerg
  • League: Diamond

LilDicky

  • Race: Terran Terran
  • League: Diamond

VOD

http://www.twitch.tv/tumescentpie

Description

Time

  • Played on: Dec. 27, 2015, 12:52 a.m.
  • Length: 2:53
Show
View Real Time Build Order
Export as new Build Order

MapleStreet Zerg - Winner!

Build Orders: Hatch First 

Get SALT Encoding   

  12  0:01  Drone  
  13  0:12  Overlord  
  13  0:18  Drone  
  14  0:31  Drone x2  
  16  0:37  Drone  
  17  0:46  Drone  
  18  1:00  Hatchery, Drone  
  18  1:06  Extractor  
  17  1:18  Spawning Pool  
  16  1:19  Drone  
  16  1:22  Drone  
  18  1:32  Drone  
  19  1:40  Overlord  
  19  1:52  Drone  
  20  2:05  Queen  
  22  2:13  Queen  
  22  2:14  Zergling x4  
  22  2:15  Zergling x2  
  27  2:22  Extractor  
  26  2:23  Drone x2  
  28  2:48  Baneling Nest  
Show
View Real Time Build Order
Export as new Build Order

LilDicky Terran 

Build Orders:  

Get SALT Encoding   

  12  0:06  SCV  
  13  0:18  SCV  
  14  0:22  Supply Depot  
  14  0:31  SCV  
  15  0:43  SCV  
  15  0:46  Barracks  
  16  0:55  SCV  
  17  1:07  SCV  
  18  1:20  SCV  
  19  1:31  Barracks  
  19  1:32  Barracks  
  19  1:33  Barracks  
  19  1:34  Supply Depot, Marine  
  20  1:42  SCV  
  21  1:54  SCV, Marine  
  23  2:12  Marine  
  24  2:20  Marine x2  
  24  2:22  Marine, Orbital Command  
  26  2:27  Bunker  
  27  2:30  Marine  
Tags
 
Add a new tag
Caveats
  • Supply blocks, unpowered buildings, or Contaminate may cause inaccurate times.
  • Supply counts are checked every 10 seconds.